CAL (WIN)
MYRTLE BEACH PELICANS @ CLEARWATER THRESHERS
12/23/2046
 
TOP OF THE 1ST
Myrtle Beach Pelicans batting - Pitching for Clearwater Threshers : LHP Eddie San Miguel
Pitching: LHP Eddie San Miguel
Batting: RHB Eric Wiss 0-0: Swinging Strike
0-1: Swinging Strike
0-2: Strikes out swinging
Batting: LHB Kwang-chih Men 0-0: Ball
1-0: SINGLE (Groundball, 25, EV 67.5 MPH) (infield hit)
Batting: RHB Brad Santanello 0-0: Called Strike
0-1: Swinging Strike
0-2: Ball
Passed Ball!
Kwang-chih Men to second
1-2: Hit by Pitch
Batting: SHB Gabriel Cruz 0-0: Foul Ball, location: 2F
0-1: Foul Ball, location: 2F
0-2: Ball
1-2: Foul Ball, location: 2F
1-2: Strikes out looking
Batting: RHB Ricardo Aguinaga 0-0: Ball
Passed Ball!
Kwang-chih Men to third
Brad Santanello to second
1-0: Fly out, F7 (Line Drive, 78M, EV 88.1 MPH)
Top of the 1st over - 0 runs, 1 hit, 0 errors, 2 left on base; Myrtle Beach 0 - Clearwater 0
BOTTOM OF THE 1ST
Clearwater Threshers batting - Pitching for Myrtle Beach Pelicans : LHP Virgílio Beyfus
Pitching: LHP Virgílio Beyfus
Batting: RHB Jake Cox 0-0: Ball
1-0: Foul Ball, location: 2F
1-1: Ball
2-1: Foul Ball, location: 2F
2-2: Ball
3-2: SOLO HOME RUN (Flyball, 7D, EV 96.2 MPH), Distance : 386 ft
Batting: LHB Alex Fernandez 0-0: Ball
1-0: Ball
2-0: Ball
3-0: Called Strike
3-1: Base on Balls
Batting: RHB Mark Schultz 0-0: Fly out, F9 (Flyball, 9, EV 85.6 MPH)
Batting: RHB Carlos Morejon 0-0: Ball
1-0: Called Strike
1-1: Ball
2-1: Ball
3-1: Foul Ball, location: 2F
3-2: DOUBLE (Flyball, 78D, EV 100.0 MPH)
Alex Fernandez to third
Alex Fernandez scores
Batting: RHB Victor Arroyo 0-0: Called Strike
0-1: Foul Ball, location: 2F
0-2: Ball
1-2: Strikes out looking
Batting: RHB Vaclav Been 0-0: Ball
1-0: Ball
2-0: Ball
3-0: Called Strike
3-1: 2-RUN HOME RUN (Flyball, 78XD, EV 98.8 MPH), Distance : 403 ft
Batting: RHB Joe Hewitt 0-0: Called Strike
0-1: Ball
1-1: Called Strike
1-2: Foul Ball, location: 2F
1-2: Strikes out looking
Bottom of the 1st over - 4 runs, 3 hits, 0 errors, 0 left on base; Myrtle Beach 0 - Clearwater 4
TOP OF THE 2ND
Myrtle Beach Pelicans batting - Pitching for Clearwater Threshers : LHP Eddie San Miguel
Batting: RHB David Barnard 0-0: Foul Ball, location: 2F
0-1: Fly out, F8 (Flyball, 78D, EV 90.0 MPH)
Batting: RHB Denis Rachin 0-0: Ball
1-0: Fly out, F8 (Flyball, 8RXD, EV 101.2 MPH)
Batting: LHB Wing-tat Tai 0-0: Ball
1-0: SINGLE (Groundball, 56D, EV 94.4 MPH)
Batting: LHB Adam Conover 0-0: Ground out U3 (Groundball, 3, EV 106.2 MPH)
Top of the 2nd over - 0 runs, 1 hit, 0 errors, 1 left on base; Myrtle Beach 0 - Clearwater 4
BOTTOM OF THE 2ND
Clearwater Threshers batting - Pitching for Myrtle Beach Pelicans : LHP Virgílio Beyfus
Batting: RHB Steve Jones 0-0: Ball
1-0: Swinging Strike
1-1: Swinging Strike
1-2: Foul Ball, location: 2F
1-2: Foul Ball, location: 2F
1-2: Ground out 4-3 (Groundball, 34, EV 81.9 MPH)
Batting: RHB Allen Deschamps 0-0: Ball
1-0: Ground out 5-3 (Groundball, 15, EV 86.9 MPH)
Batting: RHB Jake Cox 0-0: Ball
1-0: Called Strike
1-1: Called Strike
1-2: Ball
2-2: Reached on error, E6 (Groundball, 6M, EV 80.0 MPH)
Batting: LHB Alex Fernandez 0-0: Ball
1-0: Called Strike
1-1: Ground out 4-3 (Groundball, 4, EV 107.5 MPH)
Bottom of the 2nd over - 0 runs, 0 hits, 1 error, 1 left on base; Myrtle Beach 0 - Clearwater 4
TOP OF THE 3RD
Myrtle Beach Pelicans batting - Pitching for Clearwater Threshers : LHP Eddie San Miguel
Batting: RHB Eric Wiss 0-0: SINGLE (Flyball, 56D, EV 93.8 MPH)
Batting: LHB Kwang-chih Men 0-0: Called Strike
0-1: Called Strike
0-2: Strikes out swinging
Batting: RHB Brad Santanello 0-0: Called Strike
Eric Wiss steals 2nd, throwing error, E2
Eric Wiss to third
0-1: Ball
1-1: 2-RUN HOME RUN (Flyball, 7LD, EV 97.5 MPH), Distance : 346 ft
Batting: SHB Gabriel Cruz 0-0: Ball
1-0: DOUBLE (Line Drive, 89M, EV 109.4 MPH)
Batting: RHB Ricardo Aguinaga 0-0: Ball
Wild Pitch!
Gabriel Cruz to third
1-0: Ball
2-0: Called Strike
2-1: Fly out, F7 (Flyball, 7D, EV 100.0 MPH)
Runner from 3rd tags up, SCORES, no throw by LF
Batting: RHB David Barnard 0-0: Called Strike
0-1: Ball
1-1: Fly out, F9 (Flyball, 89D, EV 105.6 MPH)
Top of the 3rd over - 3 runs, 3 hits, 1 error, 0 left on base; Myrtle Beach 3 - Clearwater 4
BOTTOM OF THE 3RD
Clearwater Threshers batting - Pitching for Myrtle Beach Pelicans : LHP Virgílio Beyfus
Batting: RHB Mark Schultz 0-0: Ball
1-0: Foul Ball, location: 2F
1-1: Swinging Strike
1-2: Foul Ball, location: 2F
1-2: Ball
2-2: Ball
3-2: Ground out 6-3 (Groundball, 6, EV 98.8 MPH)
Batting: RHB Carlos Morejon 0-0: Foul Ball, location: 2F
0-1: Called Strike
0-2: Foul Ball, location: 2F
0-2: Ball
1-2: Foul Ball, location: 2F
1-2: Foul Ball, location: 2F
1-2: Ball
2-2: DOUBLE (Line Drive, 9LM, EV 99.4 MPH)
Batting: RHB Victor Arroyo 0-0: Ball
1-0: Foul Ball, location: 2F
1-1: Fly out, F9 (Line Drive, 9S, EV 104.4 MPH)
Batting: RHB Vaclav Been 0-0: Ball
1-0: Swinging Strike
1-1: Called Strike
1-2: TRIPLE (Line Drive, 9LD, EV 104.4 MPH)
Carlos Morejon scores
Pitching: LHP Alex Gandarilla
Batting: RHB Joe Hewitt 0-0: Called Strike
0-1: Foul Ball, location: 2F
0-2: Ball
1-2: Ball
2-2: Ground out 5-3 (Groundball, 56, EV 103.1 MPH)
Bottom of the 3rd over - 1 run, 2 hits, 0 errors, 1 left on base; Myrtle Beach 3 - Clearwater 5
TOP OF THE 4TH
Myrtle Beach Pelicans batting - Pitching for Clearwater Threshers : LHP Eddie San Miguel
Batting: RHB Denis Rachin 0-0: Ball
1-0: Called Strike
1-1: SINGLE (Groundball, 4MD, EV 103.8 MPH)
Batting: LHB Wing-tat Tai 0-0: Ball
Wild Pitch!
Denis Rachin to second
1-0: Ball
Passed Ball!
Denis Rachin to third
2-0: Ball
3-0: Called Strike
3-1: Foul Ball, location: 2F
3-2: Base on Balls
Batting: LHB Adam Conover 0-0: Ball
1-0: Ball
2-0: Called Strike
2-1: 3-RUN HOME RUN (Flyball, 9LD, EV 94.4 MPH), Distance : 337 ft
Batting: RHB Eric Wiss 0-0: Ball
1-0: Ball
2-0: Fly out, F9 (Flyball, 9D, EV 100.6 MPH)
Pitching: RHP Georgs Felitti
Batting: LHB Kwang-chih Men 0-0: Ball
1-0: Foul Ball, location: 2F
1-1: Swinging Strike
1-2: Ground out 6-3 (Groundball, 6M, EV 85.6 MPH)
Batting: RHB Brad Santanello 0-0: Ball
1-0: Swinging Strike
1-1: Ball
2-1: Ball
3-1: Called Strike
3-2: Base on Balls
Batting: SHB Gabriel Cruz 0-0: Called Strike
0-1: Called Strike
0-2: Foul Ball, location: 2F
0-2: Strikes out swinging
Top of the 4th over - 3 runs, 2 hits, 0 errors, 1 left on base; Myrtle Beach 6 - Clearwater 5
BOTTOM OF THE 4TH
Clearwater Threshers batting - Pitching for Myrtle Beach Pelicans : LHP Alex Gandarilla
Pitching: LHP Eddie Panagos
Batting: RHB Steve Jones 0-0: Called Strike
0-1: Called Strike
0-2: Strikes out swinging
Batting: RHB Allen Deschamps 0-0: Foul Ball, location: 2F
0-1: Swinging Strike
0-2: Strikes out swinging
Batting: RHB Jake Cox 0-0: Called Strike
0-1: Ball
1-1: Foul Ball, location: 2F
1-2: Strikes out swinging
Bottom of the 4th over - 0 runs, 0 hits, 0 errors, 0 left on base; Myrtle Beach 6 - Clearwater 5
TOP OF THE 5TH
Myrtle Beach Pelicans batting - Pitching for Clearwater Threshers : RHP Georgs Felitti
Batting: RHB Ricardo Aguinaga 0-0: Called Strike
0-1: Ball
1-1: Swinging Strike
1-2: Foul Ball, location: 2F
1-2: Ground out 5-3 (Groundball, 56S, EV 61.2 MPH)
Batting: RHB David Barnard 0-0: Called Strike
0-1: Fly out, F9 (Flyball, 9LM, EV 90.6 MPH)
Batting: RHB Denis Rachin 0-0: Ball
1-0: Ball
2-0: Fly out, F3 (Popup, 3, EV 78.1 MPH)
Top of the 5th over - 0 runs, 0 hits, 0 errors, 0 left on base; Myrtle Beach 6 - Clearwater 5
BOTTOM OF THE 5TH
Clearwater Threshers batting - Pitching for Myrtle Beach Pelicans : LHP Eddie Panagos
Batting: LHB Alex Fernandez 0-0: Called Strike
0-1: Ball
1-1: Foul Ball, location: 2F
1-2: Ball
2-2: Ground out U3 (Groundball, 23, EV 85.0 MPH)
Batting: RHB Mark Schultz 0-0: Ground out 4-3 (Groundball, 4, EV 90.6 MPH)
Batting: RHB Carlos Morejon 0-0: Ball
1-0: Ball
2-0: Called Strike
2-1: Ball
3-1: Fly out, F7 (Flyball, 7, EV 95.0 MPH)
Bottom of the 5th over - 0 runs, 0 hits, 0 errors, 0 left on base; Myrtle Beach 6 - Clearwater 5
TOP OF THE 6TH
Myrtle Beach Pelicans batting - Pitching for Clearwater Threshers : RHP Georgs Felitti
Batting: LHB Wing-tat Tai 0-0: Called Strike
0-1: Ball
1-1: Ground out 6-3 (Groundball, 6M, EV 100.0 MPH)
Batting: LHB Adam Conover 0-0: Ball
1-0: Fly out, F7 (Flyball, 78M, EV 80.6 MPH)
Batting: RHB Eric Wiss 0-0: Ground out 6-3 (Groundball, 6, EV 103.8 MPH)
Top of the 6th over - 0 runs, 0 hits, 0 errors, 0 left on base; Myrtle Beach 6 - Clearwater 5
BOTTOM OF THE 6TH
Clearwater Threshers batting - Pitching for Myrtle Beach Pelicans : LHP Eddie Panagos
Batting: RHB Victor Arroyo 0-0: Ball
1-0: Ball
2-0: Ball
3-0: Called Strike
3-1: Foul Ball, location: 2F
3-2: Strikes out looking
Batting: RHB Vaclav Been 0-0: Hit by Pitch
Batting: RHB Joe Hewitt 0-0: Foul Ball, location: 2F
0-1: Ball
Passed Ball!
Vaclav Been to second
1-1: Ball
2-1: Foul Ball, location: 2F
2-2: Strikes out swinging
Batting: RHB Steve Jones 0-0: Ball
1-0: Ball
2-0: Ball
3-0: Foul Ball, location: 2F
3-1: Base on Balls
Batting: RHB Allen Deschamps 0-0: Ball
1-0: Called Strike
1-1: Foul Ball, location: 2F
1-2: Strikes out swinging
Bottom of the 6th over - 0 runs, 0 hits, 0 errors, 2 left on base; Myrtle Beach 6 - Clearwater 5
TOP OF THE 7TH
Myrtle Beach Pelicans batting - Pitching for Clearwater Threshers : RHP Georgs Felitti
Batting: LHB Kwang-chih Men 0-0: Swinging Strike
0-1: Called Strike
0-2: Foul Ball, location: 2F
0-2: Ball
1-2: Ball
2-2: Strikes out swinging, 2-3 out at first.
Batting: RHB Brad Santanello 0-0: Ball
1-0: Swinging Strike
1-1: Swinging Strike
1-2: Ball
2-2: Strikes out swinging
Pitching: LHP Hiroshi Mukae
Batting: SHB Gabriel Cruz 0-0: Swinging Strike
0-1: Foul Ball, location: 2F
0-2: Ball
1-2: Ball
2-2: Strikes out swinging
Top of the 7th over - 0 runs, 0 hits, 0 errors, 0 left on base; Myrtle Beach 6 - Clearwater 5
BOTTOM OF THE 7TH
Clearwater Threshers batting - Pitching for Myrtle Beach Pelicans : LHP Eddie Panagos
Batting: RHB Jake Cox 0-0: Ball
1-0: Foul Ball, location: 2F
1-1: Called Strike
1-2: Ball
2-2: Ground out 4-3 (Groundball, 4MD, EV 85.6 MPH)
Pitching: RHP Angel Pesina
Batting: LHB Alex Fernandez 0-0: Ball
1-0: Ball
2-0: Ball
3-0: Base on Balls
Batting: RHB Mark Schultz 0-0: Foul Ball, location: 2F
0-1: Swinging Strike
0-2: Strikes out swinging
Alex Fernandez steals 2nd base
Batter strikes out.
Batting: RHB Carlos Morejon 0-0: Called Strike
0-1: Ball
1-1: Ground out 6-3 (Groundball, 6, EV 86.9 MPH)
Bottom of the 7th over - 0 runs, 0 hits, 0 errors, 1 left on base; Myrtle Beach 6 - Clearwater 5
TOP OF THE 8TH
Myrtle Beach Pelicans batting - Pitching for Clearwater Threshers : LHP Hiroshi Mukae
Batting: RHB Ricardo Aguinaga 0-0: Called Strike
0-1: Ball
1-1: Foul Ball, location: 2F
1-2: Ball
2-2: Strikes out swinging
Batting: RHB David Barnard 0-0: Called Strike
0-1: Swinging Strike
0-2: Strikes out swinging
Batting: RHB Denis Rachin 0-0: Ball
1-0: Foul Ball, location: 2F
1-1: Ball
2-1: Ball
3-1: Base on Balls
Batting: LHB Wing-tat Tai 0-0: Foul Ball, location: 2F
0-1: Ball
1-1: Foul Ball, location: 2F
1-2: Foul Ball, location: 2F
1-2: Foul Ball, location: 2F
1-2: Strikes out swinging
Top of the 8th over - 0 runs, 0 hits, 0 errors, 1 left on base; Myrtle Beach 6 - Clearwater 5
BOTTOM OF THE 8TH
Clearwater Threshers batting - Pitching for Myrtle Beach Pelicans : RHP Angel Pesina
Batting: RHB Victor Arroyo 0-0: Foul Ball, location: 2F
0-1: Swinging Strike
0-2: Ball
1-2: Foul Ball, location: 2F
1-2: Ball
2-2: Ball
3-2: Base on Balls
Pitching: RHP Trevor Woodbury
Pinch Hitting: SHB Bob Dixon 0-0: Called Strike
0-1: Called Strike
0-2: Foul Ball, location: 2F
0-2: Strikes out swinging
Pinch Hitting: SHB Brett St. Clair 0-0: Swinging Strike
0-1: Ball
1-1: Ball
2-1: Ball
3-1: Fielders Choice at 2nd, 4-6 (Groundball, 34, EV 81.9 MPH)
Pinch Hitting: LHB Rich Kuehne 0-0: Ball
1-0: Swinging Strike
1-1: Ball
2-1: Ball
3-1: Ground out 4-3 (Groundball, 34D, EV 103.1 MPH)
Bottom of the 8th over - 0 runs, 0 hits, 0 errors, 1 left on base; Myrtle Beach 6 - Clearwater 5
TOP OF THE 9TH
Myrtle Beach Pelicans batting - Pitching for Clearwater Threshers : LHP Hiroshi Mukae
Now at 2B: Mark Schultz
Now at SS: Pablo Lopez
Now in LF: Rich Kuehne
Now in RF: Brett St. Clair
Batting: LHB Adam Conover 0-0: Called Strike
0-1: Ground out 6-3 (Groundball, 6, EV 88.1 MPH)
Batting: RHB Eric Wiss 0-0: Ball
1-0: Called Strike
1-1: Called Strike
1-2: Ball
2-2: Ball
3-2: Foul Ball, location: 2F
3-2: Fly out, F7 (Flyball, 7, EV 91.2 MPH)
Batting: LHB Kwang-chih Men 0-0: Ball
1-0: Called Strike
1-1: Ball
2-1: Ball
3-1: Foul Ball, location: 2F
3-2: Foul Ball, location: 2F
3-2: Base on Balls
Pitching: RHP Ben Clayton
Batting: RHB Brad Santanello 0-0: Called Strike
0-1: SINGLE (Groundball, 6MD, EV 105.6 MPH)
Kwang-chih Men to second
Runner from 2nd tries for 3rd, SAFE, throw by CF made to third
Batting: SHB Gabriel Cruz 0-0: Ball
Passed Ball!
Kwang-chih Men scores
Brad Santanello to second
1-0: Ball
2-0: Hit by Pitch
Batting: RHB Ricardo Aguinaga 0-0: Called Strike
0-1: Ball
1-1: Ball
2-1: Swinging Strike
2-2: Strikes out looking
Top of the 9th over - 1 run, 1 hit, 0 errors, 2 left on base; Myrtle Beach 7 - Clearwater 5
BOTTOM OF THE 9TH
Clearwater Threshers batting - Pitching for Myrtle Beach Pelicans : RHP Trevor Woodbury
Pitching: RHP Jake Newman
Now in LF: Wing-tat Tai
Now in CF: Andy Huntley
Batting: RHB Allen Deschamps 0-0: Ball
1-0: Ball
2-0: Fly out, F9 (Flyball, 9D, EV 100.0 MPH)
Batting: RHB Jake Cox 0-0: Called Strike
0-1: Foul Ball, location: 2F
0-2: Strikes out swinging
Batting: LHB Alex Fernandez 0-0: Called Strike
0-1: Ground out U3 (Groundball, 34, EV 103.8 MPH)
Bottom of the 9th over - 0 runs, 0 hits, 0 errors, 0 left on base; Myrtle Beach 7 - Clearwater 5
Tuesday, September 13th , 2022 - OOTP Baseball 23.7 Build 88